 Dungeon Crawl Stone Soup version 0.20.1-1-g8b1a95d (webtiles) character file.

55 keltmir the Changer (level 3, -4/28 HPs)
             Began as a Draconian Transmuter on Nov 17, 2017.
             Killed by divine providence
             ... invoked by an orc priest
              (16 damage)
             ... on level 2 of the Dungeon.
             The game lasted 00:03:28 (1675 turns).

keltmir the Changer (Draconian Transmuter)          Turns: 1675, Time: 00:03:29

Health: -4/28      AC:  5    Str: 12    XL:     3   Next: 67%
Magic:  4/6        EV: 12    Int: 14    God:
Gold:   46         SH:  0    Dex: 11    Spells: 2/6 levels left

rFire    . . .     SeeInvis .     - Unarmed
rCold    . . .     Gourm    .   (no shield)
rNeg     . . .     Faith    .   (armour unavailable)
rPois    .         Spirit   .   (helmet restricted)
rElec    .         Reflect  .   (no cloak)
rCorr    .         Harm     .   (no gloves)
MR       .....                  (no boots)
Stlth    +.........             (no amulet)
Regen    0.1/turn               (no ring)
MPRegen  0.1/turn               (no ring)

@: no status effects
A: unfitting armour, cold-blooded, AC +5
a: no special abilities


You were on level 2 of the Dungeon.
You were not hungry.

You visited 1 branch of the dungeon, and saw 2 of its levels.

You collected 46 gold pieces.

Inventory:

Missiles
 a - 12 arrows
 p - 13 poisoned needles
Scrolls
 o - a scroll of blinking {unknown}
 q - a scroll of remove curse {unknown}
Potions
 d - a potion of curing {unknown}
 e - 2 potions of lignification {unknown}
 f - a potion of cancellation {unknown}
 h - a potion of agility {unknown}
 i - 3 potions of flight
 j - 2 potions of heal wounds {unknown}
 l - 2 potions of mutation {unknown}
 m - a potion of degeneration {unknown}
Books
 b - a book of Changes

   Spells                             Type                      Level
   a - Beastly Appendage              Transmutation                1
   b - Sticks to Snakes               Transmutation                2
   c - Spider Form                    Transmutation/Poison         3
   d - Ice Form                       Ice/Transmutation            4
   e - Blade Hands                    Transmutation                5
Comestibles
 c - 2 bread rations
 g - a meat ration
 k - a fruit
 n - a chunk of flesh


   Skills:
 - Level 1.1 Fighting
 - Level 1.7 Dodging
 - Level 3.0 Unarmed Combat
 - Level 2.0 Spellcasting
 * Level 4.1 Transmutations


You had 2 spell levels left.
You knew the following spells:

 Your Spells              Type           Power        Failure   Level  Hunger
a - Beastly Appendage     Tmut           ##....       4%          1    ##.....
b - Spider Form           Tmut/Pois      #.........   30%         3    ####...


Dungeon Overview and Level Annotations

Branches:
Dungeon (2/15)

Altars:


Innate Abilities, Weirdness & Mutations

Your plain brown scales are hard. (AC +5)
You cannot fit into any form of body armour.
You are cold-blooded and may be slowed by cold attacks.


Message History

There is an open door here.
The orc misses you.
There is an open door here.
The orc shouts!
You bite the orc!
You kill the orc!
Your transformation has ended.
The orc barely misses you.
You closely miss the orc priest.
The orc priest calls down the wrath of Beogh upon you.
Pain shoots through your body! The orc hits you.
You hit the orc priest.
The orc priest is lightly wounded.
The orc hits you with a whip. The orc priest hits you with a mace.
The orc hits you. The orc misses you. The orc hits you with a whip.
The orc priest calls down the wrath of Beogh upon you.
Beogh smites you!
Ouch! That really hurt!
You die...

##...#.## #####.#
##.....## #.....#
###.......## #..####
...........####...## #
####........'.......#
..............####...##
#...#........## #....#
........o...## ####.#
.......oo@.## #.#
.......o#'## #.#
#...#..##.# #.#
..........# #.# #
####.##.### #.#
.........#########.#
#.#................# ..
..#....########### ##
####..##


You could see an orc priest and 3 orcs.

Vanquished Creatures
  2 adders (D:2)
  A leopard gecko (D:2)
  An orc (D:2)
  2 giant cockroaches
  7 goblins
  4 hobgoblins
  A jackal (D:1)
  5 bats
  A frilled lizard (D:2)
  4 kobolds
  6 rats (D:1)
34 creatures vanquished.

Vanquished Creatures (others)
  A leopard gecko (D:2)
  A kobold (D:2)
2 creatures vanquished.

Grand Total: 36 creatures vanquished

Notes
Turn   | Place    | Note
-------+----------+-------------------------------------------
     0 | D:1      | keltmir the Draconian Transmuter began the quest for the Orb.
     0 | D:1      | Reached XP level 1. HP: 16/16 MP: 3/3
   185 | D:1      | Reached XP level 2. HP: 23/23 MP: 5/5
   349 | D:1      | Reached skill level 3 in Transmutations
  1036 | D:2      | Reached XP level 3. HP: 9/28 MP: 6/6
  1354 | D:2      | Learned a level 3 spell: Spider Form
  1515 | D:2      | Reached skill level 4 in Transmutations
  1675 | D:2      | Killed from afar by an orc priest

Skill      XL: |  1  2  3 |
---------------+----------+-----
Transmutations | 3 4 |  4.1
Fighting       | |  1.1
Dodging        | |  1.7
Unarmed Combat | |  3.0
Spellcasting   | |  2.0

Action                   || total
-------------------------++-------
Melee: Unarmed           ||   135
       Tailslap          ||    10
       Kick              ||     1
       Punch             ||     1
 Cast: Beastly Appendage ||     6
       Spider Form       ||     2
  Use: Scroll            ||     1
 Stab: Sleeping          ||     1
  Eat: Chunk             ||     3
Armor: Skin              ||    28
Dodge: Dodged            ||    99
